 Dungeon Crawl Stone Soup version 0.27.1-33-g824d729ab1 (webtiles) character file.

Game seed: 9074960767537687582

707 walnutcon the Cleaver (level 7, 0/85 HPs)
             Began as a Hill Orc Berserker on Dec 20, 2021.
             Was a Priest of Trog.
             Killed by nerve-wracking pain
             ... invoked by an orc priest
              (7 damage)
             ... on level 6 of the Dungeon.
             The game lasted 00:16:39 (5220 turns).

walnutcon the Cleaver (Hill Orc Berserker)          Turns: 5220, Time: 00:16:41

Health: 0/85       AC:  3    Str: 22    XL:     7   Next: 67%
Magic:  7/7        EV: 11    Int:  7    God:    Trog [***...]
Gold:   112        SH:  0    Dex: 10    Spells: 6/6 levels left

rFire    . . .     SeeInvis .   t - +0 battleaxe
rCold    . . .     Faith    .   (shield currently unavailable)
rNeg     . . .     Spirit   .   b - +0 animal skin
rPois    .         Reflect  .   c - +0 helmet
rElec    .         Harm     .   (no cloak)
rCorr    .         Rampage  .   (no gloves)
Will     .....                  (no boots)
Stlth    ..........             (no amulet)
HPRegen  0.24/turn              (no ring)
MPRegen  0.10/turn              (no ring)

@: berserking, very quick
A: no striking features
a: Renounce Religion, Convert to Beogh, Berserk, Trog's Hand


You were on level 6 of the Dungeon.
You worshipped Trog.
Trog was most pleased with you.
You visited 1 branch of the dungeon, and saw 6 of its levels.

You collected 154 gold pieces.
You spent 42 gold pieces at shops.

Inventory:

Hand Weapons
 a - a +0 hand axe
 t - a +0 battleaxe (weapon)
 y - a +0 vorpal flail
Missiles
 d - 18 bolts
 j - 181 stones (quivered)
 w - 21 poisoned darts
 z - 5 boomerangs
 C - 23 arrows
 D - 3 datura-tipped darts
Armour
 b - a +0 animal skin (worn)
 c - a +0 helmet (worn)
 l - a +0 scale mail
 q - a +0 chain mail
Jewellery
 r - a ring of magical power
Scrolls
 e - a scroll of vulnerability {unknown}
 f - a scroll of brand weapon {unknown}
 g - a scroll of enchant armour {unknown}
 i - 3 scrolls of teleportation
 m - a scroll of noise {unknown}
 n - a scroll of identify {unknown}
 s - a scroll of fear {unknown}
 v - a scroll of magic mapping {unknown}
 A - a scroll of amnesia {unknown}
Potions
 h - a potion of haste {unknown}
 k - a potion of ambrosia {unknown}
 o - a potion of heal wounds
 p - a potion of lignification {unknown}
 u - 2 potions of curing {unknown}
 x - 2 potions of flight {unknown}
 B - a potion of experience {unknown}


   Skills:
 - Level 3.6 Fighting
 * Level 11.2 Axes
 - Level 2.1 Armour
 - Level 1.5 Dodging


You had 6 spell levels left.
You didn't know any spells.
Your spell library was empty.

Dungeon Overview and Level Annotations

Branches:
Dungeon (6/15)             Temple (0/1) D:5

Altars:

Shops:
D:2 ?


Message History

The adder is almost dead.
The adder barely misses you.
You barely miss the adder.
The adder is almost dead.
The adder bites you.
The orc priest invokes the aid of Beogh against you.
Beogh smites you!
You are too injured to fight recklessly!
You are too injured to fight recklessly!
You closely miss the adder.
The adder is almost dead.
The adder misses you.
You closely miss the adder.
The adder is almost dead.
The adder bites you.
You miss the adder.
The adder is almost dead.
The adder bites you.
You closely miss the adder.
The adder is almost dead.
The adder bites you but does no damage. The adder bites you.
The wyvern zombie bites you!
* * * LOW HITPOINT WARNING * * *
The orc priest shouts, "Beogh is our master!
Accept the truth or die!"
You barely miss the adder.
The adder is almost dead.
You hit the wyvern zombie.
The orc priest shouts, "Beogh is our master!
Accept the truth or die!"
The wyvern zombie bites you!
* * * LOW HITPOINT WARNING * * *
The adder bites you but does no damage.
You are too berserk!
You closely miss the adder.
The adder is almost dead.
You slice the wyvern zombie!! The adder bites you but does no damage.
The wyvern zombie bites you.
* * * LOW HITPOINT WARNING * * *
The orc priest mumbles some strange prayers to Beogh against you.
Pain shoots through your body!
You die...

..........##..#
............#.#
..............
#...........#
#..........####
#............?.
.#....<....##
......oSZ....#
........@.##....
##...###..# #.
#.#. #...# # #
#.#... #.####.
... .. ... . P..


You could see an orc priest, an adder and a wyvern zombie.

Vanquished Creatures
  A necrophage (D:4)
  A phantom (D:4)
  A kobold brigand (D:4)
  A scorpion (D:4)
  A howler monkey (D:5)
  3 orc priests
  2 orc wizards (D:4)
  A hound zombie (D:5)
  4 gnolls (D:3)
  A howler monkey skeleton (D:4)
  9 adders
  An adder skeleton (D:4)
  A worm (D:3)
  5 dart slugs
  8 orcs
  6 ball pythons
  7 bats
  10 endoplasms
  2 giant cockroaches
  8 goblins
  2 hobgoblins (D:2)
  6 kobolds
  2 quokkas (D:1)
  5 frilled lizards
  3 rats
91 creatures vanquished.

Vanquished Creatures (others)
  2 plants (D:5)
2 creatures vanquished.

Grand Total: 93 creatures vanquished

Notes
Turn   | Place    | Note
-------+----------+-------------------------------------------
     0 | D:1      | walnutcon the Hill Orc Berserker began the quest for the
                  | Orb.
     0 | D:1      | Reached XP level 1. HP: 19/19 MP: 1/1
   167 | D:1      | Reached XP level 2. HP: 20/26 MP: 2/2
   389 | D:1      | Reached skill level 5 in Axes
   541 | D:1      | Reached XP level 3. HP: 23/31 MP: 3/3
   971 | D:2      | Reached ** piety under Trog
  1392 | D:2      | Reached skill level 6 in Axes
  1682 | D:2      | Found Got Zysh's Magic Scroll Emporium.
  1690 | D:2      | Bought a scroll of teleportation for 42 gold pieces
  1861 | D:2      | Reached XP level 4. HP: 39/39 MP: 4/4
  1925 | D:3      | Reached skill level 7 in Axes
  2106 | D:3      | Reached XP level 5. HP: 27/45 MP: 5/5
  2772 | D:3      | Reached skill level 8 in Axes
  3221 | D:4      | Reached skill level 9 in Axes
  3221 | D:4      | Reached XP level 6. HP: 39/51 MP: 6/6
  3486 | D:4      | Reached *** piety under Trog
  3853 | D:4      | Reached skill level 10 in Axes
  3853 | D:4      | Reached XP level 7. HP: 57/57 MP: 7/7
  4638 | D:5      | Entered Level 5 of the Dungeon
  4652 | D:5      | Found a staircase to the Ecumenical Temple.
  4834 | D:5      | Reached skill level 11 in Axes
  5173 | D:5      | Noticed a steam dragon
  5220 | D:6      | Killed from afar by an orc priest

Illustrated notes

Levels and vault maps discovered:
D:1:      lightli_arrival_maybe_door_vault, layout_rooms
D:2:      layout_loops_cross, serial_shops, shop
D:3:      layout_loops_cross
D:4:      layout_loops_cross, kennysheep_nondescript
D:5:      layout_loops_corners, minmay_temple_entry_glass,
          gammafunk_ghost_arena, serial_bayou_ford_a, nzn_random_ring
D:6:      layout_rooms, mainiacjoe_overflow_chevrons,
          mainiacjoe_overflow_alcove_4, gup_sewer_entry_bowl,
          supply_closet_lemuel, minmay_misc_feat_secret_circle,
          minmay_manual_mess

Skill      XL: |  1  2  3  4  5  6  7 |
---------------+----------------------+-----
Axes           | 5 6 7 9 10 11 | 11.2
Fighting       | |  3.6
Armour         | |  2.1
Dodging        | |  1.5

Action                   |  1- 3 |  4- 6 |  7- 9 || total
-------------------------+-------+-------+-------++-------
Melee: Hand axe          |   115 |    66 |       ||   181
       Battleaxe         |       |    75 |    66 ||   141
Invok: Berserk           |     4 |     4 |     1 ||     9
  Use: Potion            |     1 |       |       ||     1
       Scroll            |       |       |     1 ||     1
 Stab: Sleeping          |     2 |       |       ||     2
Armor: Animal skin       |    22 |    37 |    13 ||    72
Dodge: Dodged            |    52 |    76 |    33 ||   161
